 Seeded DCSS version 0.29.1-13-g9f3cf754e1 (webtiles) character file.

Game seed: 16245865983455551772 (custom seed)

4 OTABOTABOTAB the Firebug (level 1, 11/11 HPs)
             Began as an Octopode Fire Elementalist on Jan 24, 2023.
             Quit the game on level 1 of the Dungeon.
             The game lasted 00:00:43 (131 turns).

OTABOTABOTAB the Firebug (OpFE)                      Turns: 131, Time: 00:00:44

Health: 11/11      AC:  1    Str:  7    XL:     1   Next: 60%
Magic:  3/3        EV:  6    Int: 17    God:
Gold:   1226       SH: 24    Dex: 12    Spells: 3/4 levels left

rFire   . . .      SeeInvis .   a - +0 sling
rCold   . . .      Faith    .   c - +18 shield of the Gong {rElec rN+ Will+ EV-5}
rNeg    + . .      Spirit   .   (helmet restricted)
rPois   .          Reflect  .   (no amulet)
rElec   +          Harm     .   (no ring)
rCorr   .          Rampage  .   (no ring)
Will    +....                   (no ring)
Stlth   +++.......              (no ring)
HPRegen 0.03/turn               (no ring)
MPRegen 0.08/turn               (no ring)
                                (no ring)
                                (no ring)

@: no status effects
A: almost no armour, amphibious, 8 rings, camouflage 1, gelatinous body 1,
(nimble swimmer 1), tentacles
a: no special abilities


You were on level 1 of the Dungeon.
You visited 1 branch of the dungeon, and saw 1 of its levels.

You collected 1226 gold pieces.

Inventory:

Hand Weapons
 a - a +0 sling (weapon)
   (You found it on level 1 of the Dungeon)
Armour
 c - the +18 shield of the Gong (worn) {rElec rN+ Will+ EV-5}
   (You acquired it on level 1 of the Dungeon)

   It is deafeningly noisy when blocking attacks.
   EV:        It affects your evasion (-5).
   rElec:     It insulates you from electricity.
   rN:        It protects you from negative energy.
   Will:      It increases your willpower.
Potions
 M - a potion of magic


   Skills:
 + Level 2.0 Dodging
 + Level 2.8 Stealth
 + Level 2.0 Spellcasting
 + Level 1.1 Conjurations
 + Level 3.0 Fire Magic


You had 3 spell levels left.
You knew the following spells:

 Your Spells              Type           Power      Damage    Failure   Level
a - Foxfire               Conj/Fire      32%        2x1d5     30%         1

Your spell library contained the following spells:

 Spells                   Type           Power      Damage    Failure   Level
 Scorch                   Fire           24%        2d6       30%         2
 Conjure Flame            Conj/Fire      8%         6-21      65%         3
 Inner Flame              Hex/Fire       6%         N/A       75%         3
 Flame Wave               Conj/Fire      8%         2d5       96%         4
 Fireball                 Conj/Fire      4%         3d4       100%        5
 Iskenderun's Battlesphe  Conj           5%         2d6       100%        5
 Conjure Ball Lightning   Conj/Air       1%         3x3d6     100%        6
 Orb of Destruction       Conj           2%         9d5       100%        7


Dungeon Overview and Level Annotations

Branches:
Dungeon (1/15)

Altars:


Innate Abilities, Weirdness & Mutations

You cannot wear most types of armour.
You are amphibious.
You can wear up to eight rings at the same time.
Your skin changes colour to match your surroundings (Stealth+).
Your rubbery body absorbs attacks. (AC +1, EV +1)
((You are camouflaged when in or above water. (Stealth+)))
You have tentacles for arms and can constrict up to eight enemies at once.


Message History

Bad channel name for runrest: 'Jiyva says: Divide and consume' Welcome, OTABOTABOTAB the Octopode Fire Elementalist.
Game seed: 16245865983455551772 (custom seed)
Found a sling.
Found a staircase leading out of the dungeon.
a - a +0 sling
a - a +0 sling (weapon)
Found an escape hatch in the floor.
Found an escape hatch in the floor.
You see here a +0 dagger.
A goblin comes into view. It is wielding a +0 dagger.
You conjure some foxfire!
The goblin shouts!
A quokka comes into view.
You now have 2/3 mp.
You conjure some foxfire!
You now have 1/3 mp.
You conjure some foxfire!
The foxfire hits the goblin.
You kill the goblin!
The foxfire hits the quokka.
You now have 0/3 mp.
You don't have enough magic to cast this spell.
The foxfire hits the quokka.
The foxfire hits the quokka but does no damage.
The foxfire hits the quokka.
You kill the quokka!
You start resting.
MP restored: 3 An endoplasm comes into view.
You conjure some foxfire!
You now have 2/3 mp.
You conjure some foxfire!
You now have 1/3 mp.
You conjure some foxfire!
The foxfire hits the endoplasm.
The endoplasm quivers.
You now have 0/3 mp.
The foxfire hits the endoplasm.
You kill the endoplasm!
b - 3 scrolls labelled WAC GOIFOFITOUPLEC MP restored: 3 This is a scroll of acquirement!
Something appears before you!
c - the +18 shield of the Gong {rElec rN+ Will+ EV-5} You start putting on your armour.
You continue putting on the +18 shield of the Gong {rElec rN+ Will+ EV-5}. x4
You finish putting on the +18 shield of the Gong {rElec rN+ Will+ EV-5}.
Something appears before you!
You now have 1226 gold pieces.
You see here a book of the Spheres.
Something appears before you!
You pick up a book of the Spheres and begin reading...
You add the spells Iskenderun's Battlesphere, Fireball, Conjure Ball Lightning and Orb of Destruction to your library.
Okay, then.

# .# #.#
######..###
#.@........
.......#..#.....
#.##...#..# ...
#...###.## #
#... #..# ...#
#..# ##.## ....
#..#.. #..#
....#
#.##...##.##
....# #.)..
#..#.....#


There were no monsters in sight!

Vanquished Creatures
  An endoplasm (D:1)
  A goblin (D:1)
  A quokka (D:1)
3 creatures vanquished.

Vanquished Creatures (others)
  11 foxfires (D:1)
11 creatures vanquished.

Grand Total: 14 creatures vanquished

Notes
Turn   | Place    | Note
-------+----------+-------------------------------------------
     0 | D:1      | OTABOTABOTAB the Octopode Fire Elementalist began the quest
                  | for the Orb.
     0 | D:1      | Reached XP level 1. HP: 11/11 MP: 3/3
   120 | D:1      | Identified 3 scrolls of acquirement
   120 | D:1      | Acquired the +18 shield of the Gong {rElec rN+ Will+ EV-5}
   120 | D:1      | Found the +18 shield of the Gong {rElec rN+ Will+ EV-5}
   127 | D:1      | Acquired 1226 gold pieces
   129 | D:1      | Acquired a book of the Spheres
   131 | D:1      | Quit the game

Illustrated notes

Levels and vault maps discovered:
D:1:      minmay_arrival_hallway, layout_loops_corners, basic_ecumenical_altar,
          minmay_unequal

Action                   || total
-------------------------++-------
 Cast: Foxfire           ||     6
  Use: Scroll            ||     3

Table legend: (Time is in decaauts)
 A = Elapsed time spent in this place.
 B = Non-inter-level travel time spent in this place.
 C = Inter-level travel time spent in this place.
 D = Time resting spent in this place.
 E = Time spent auto-exploring this place.
 F = Levels seen in this place.
 G = Mean time per level.
                   A        B        C        D        E       F      G
               +--------+--------+--------+--------+--------+-----+--------+
         Total |    130 |    130 |      0 |     31 |     69 |   1 |  130.0 |
       Dungeon |    130 |    130 |      0 |     31 |     69 |   1 |  130.0 |
               +--------+--------+--------+--------+--------+-----+--------+

Top non-repeatable levels by time:
     D:1: 130 daAuts

Table legend:
 A = Kills in this place as a percentage of kills in entire the game.
 B = Kills by you in this place as a percentage of kills by you in the entire game.
 C = Kills by friends in this place as a percentage of kills by friends in the entire game.
 D = Other kills in this place as a percentage of other kills in the entire game.
 E = Experience gained in this place as a percentage of experience gained in the entire game.
 F = Experience gained in this place divided by the number of levels of this place that you have seen.
                   A       B       C       D       E      F
               +-------+-------+-------+-------+-------+----------------------
         Total | 100.0 | 100.0 |   N/A |   N/A | 100.0 |   6.0
       Dungeon | 100.0 | 100.0 |   N/A |   N/A | 100.0 |   6.0
               +-------+-------+-------+-------+-------+----------------------
